 Dungeon Crawl Stone Soup version 0.20.1-1-g8b1a95d (webtiles) character file.

1640 vineage the Slasher (level 8, 0/60 HPs)
             Began as a Demonspawn Gladiator on Sept 22, 2017.
             Slain by an orc warrior
             ... wielding a +0 war axe
              (13 damage)
             ... on level 6 of the Dungeon.
             The game lasted 00:08:22 (5109 turns).

vineage the Slasher (Demonspawn Gladiator)          Turns: 5109, Time: 00:08:23

Health: 0/60       AC: 10    Str: 17    XL:     8   Next: 66%
Magic:  8/8        EV: 12    Int:  9    God:
Gold:   266        SH:  0    Dex: 15    Spells: 7/7 levels left

rFire    + . .     SeeInvis .   a - +0 long sword
rCold    . . .     Gourm    .   (no shield)
rNeg     + . .     Faith    .   v - +0 scale mail
rPois    .         Spirit   .   (helmet restricted)
rElec    .         Reflect  .   (no cloak)
rCorr    .         Harm     .   s - +0 pair of gloves
MR       +....                  (no boots)
Stlth    ..........             (no amulet)
Regen    0.2/turn               l - ring of protection from magic
MPRegen  0.2/turn               t - ring of positive energy

@: flying
A: horns 2, iridescent scales 1, fire resistance 1, powered by death 1, flame
cloud immunity
a: no special abilities


You were on level 6 of the Dungeon.
You were not hungry.

You visited 1 branch of the dungeon, and saw 6 of its levels.
You also visited: Sewer.

You collected 266 gold pieces.

Inventory:

Hand Weapons
 a - a +0 long sword (weapon)
Missiles
 d - 3 throwing nets (quivered)
Armour
 b - a +1 leather armour
 c - a +0 helmet
 s - a +0 pair of gloves (worn)
 v - a +0 scale mail (worn)
Jewellery
 l - a ring of protection from magic (left hand)
 t - a ring of positive energy (right hand)
Wands
 e - a wand of iceblast (10/15)
 y - a wand of digging (8/24)
Scrolls
 k - a scroll of recharging
 n - 3 scrolls of teleportation
 w - 2 scrolls of magic mapping
Potions
 h - a potion of degeneration {unknown}
 i - a potion of flight
 j - a potion of curing
 o - a potion of agility {unknown}
 r - 2 potions of brilliance {unknown}
 x - 2 potions of berserk rage {unknown}
Comestibles
 f - 4 bread rations
 m - 5 fruits
 p - 3 meat rations
 q - 2 royal jellies


   Skills:
 + Level 4.1 Fighting
 + Level 7.4 Long Blades
 + Level 1.9 Throwing
 + Level 4.8 Armour
 + Level 4.6 Dodging
 + Level 1.4 Stealth


You had 7 spell levels left.
You didn't know any spells.

Dungeon Overview and Level Annotations

Branches:
Dungeon (6/15)
 Temple: D:4-7

Altars:
Fedhas
Hepliaklqana
Qazlal

Shops:
D:5 %


Innate Abilities, Weirdness & Mutations

You have a pair of horns on your head.
You are partially covered in iridescent scales. (AC +2)
Your flesh is heat resistant. (rF+)
You regenerate a little health from kills.
You are immune to clouds of flame.


Message History

The orc priest calls down the wrath of Beogh upon you.
Beogh smites you!
* * * LOW HITPOINT WARNING * * *
You hit the orc warrior but do no damage.
You headbutt the orc warrior, but do no damage.
The orc warrior is severely wounded.
You feel less invigorated.
You feel less confused. The orc warrior barely misses you.
You riposte.
You hit the orc warrior but do no damage.
The orc warrior is severely wounded.
The orc warrior hits you with a war axe!
* * * LOW HITPOINT WARNING * * *
Something hits you but does no damage.
Things that are here:
a dagger; a leather armour You hit the orc warrior.
The orc warrior is severely wounded.
The orc warrior hits you with a war axe!
You die...

#. ..# ..# #
.####.##.##%.#.#
.............#. #.
..................
...#......##.#..#.
...#...<#.o#.....[
.........Joo......
........##)###..##
........##o@##..###
........###........
........# #..#.####
........# ##.# #
.######## .. ...
.... ..... ..>...


You could see an orc warrior, a jelly, an orc priest and an orc.

Vanquished Creatures
  The ghost of Sunburn the Ogre Mage, a novice OgFE (D:5)
  Sigmund (D:4)
  Purgy (Sewer)
  An ice beast (D:5)
  A hornet zombie (D:5)
  3 ogres
  A centaur (D:5)
  A howler monkey (D:5)
  An orc priest (D:5)
  A hound (D:4)
  Terence (D:3)
  3 orc wizards
  Ijyb (D:3)
  Natasha (thrice) (D:3)
  2 worker ants
  10 adders
  2 oozes
  5 worms
  3 dart slugs
  5 leopard geckos
  9 orcs
  12 bats
  5 giant cockroaches
  9 hobgoblins
  8 jackals
  2 quokkas (D:2)
  7 frilled lizards
  11 goblins
  6 kobolds
  6 rats
122 creatures vanquished.

Vanquished Creatures (others)
  An ogre (D:4)
1 creature vanquished.

Grand Total: 123 creatures vanquished

Notes
Turn   | Place    | Note
-------+----------+-------------------------------------------
     0 | D:1      | vineage the Demonspawn Gladiator began the quest for the Orb.
     0 | D:1      | Reached XP level 1. HP: 16/16 MP: 1/1
    39 | D:1      | Gained mutation: Your flesh is heat resistant. (rF+) [demonic ancestry]
    39 | D:1      | Reached XP level 2. HP: 17/22 MP: 2/2
    43 | D:1      | Reached skill level 3 in Long Blades
   509 | D:1      | Gained mutation: You have a pair of small horns on your head. [demonic ancestry]
   509 | D:1      | Reached XP level 3. HP: 9/28 MP: 3/3
  1345 | D:2      | Gained mutation: You are partially covered in iridescent scales. (AC +2) [demonic ancestry]
  1345 | D:2      | Reached XP level 4. HP: 25/34 MP: 4/4
  1786 | D:3      | Noticed Ijyb
  1822 | D:3      | Killed Ijyb
  1822 | D:3      | Reached skill level 1 in Stealth
  2002 | D:3      | Found a faded altar of an unknown god.
  2059 | D:3      | Reached skill level 1 in Armour
  2080 | D:3      | Noticed Natasha
  2088 | D:3      | Killed Natasha
  2088 | D:3      | Reached skill level 4 in Long Blades
  2088 | D:3      | Gained mutation: You are immune to clouds of flame. [demonic ancestry]
  2088 | D:3      | Reached XP level 5. HP: 24/40 MP: 5/5
  2116 | D:3      | Noticed Natasha
  2128 | D:3      | Killed Natasha
  2265 | D:3      | Noticed Natasha
  2274 | D:3      | Killed Natasha
  2359 | D:3      | Noticed Terence
  2369 | D:3      | Killed Terence
  2852 | D:4      | Reached XP level 6. HP: 43/47 MP: 6/6
  3327 | D:4      | Reached skill level 5 in Long Blades
  3327 | D:4      | Gained mutation: You have a pair of horns on your head. [demonic ancestry]
  3327 | D:4      | Reached XP level 7. HP: 52/52 MP: 7/7
  3402 | D:4      | Noticed Sigmund
  3438 | D:4      | Killed Sigmund
  3677 | D:4      | Found a stormy altar of Qazlal.
  3769 | D:5      | Entered Level 5 of the Dungeon
  3772 | D:5      | Found a blossoming altar of Fedhas.
  3777 | D:5      | Found Dagredy's Food Shoppe.
  3818 | D:5      | Found a hazy altar of Hepliaklqana.
  3827 | D:5      | Reached skill level 6 in Long Blades
  3948 | D:5      | Gained mutation: You regenerate a little health from kills. [demonic ancestry]
  3948 | D:5      | Reached XP level 8. HP: 35/60 MP: 8/8
  4107 | D:5      | Found a glowing drain.
  4132 | Sewer    | Entered a sewer
  4152 | Sewer    | Noticed Purgy
  4169 | Sewer    | Killed Purgy
  4314 | D:5      | Noticed Sunburn's ghost (novice OgFE)
  4353 | D:5      | Killed Sunburn's ghost
  4353 | D:5      | Reached skill level 7 in Long Blades
  5109 | D:6      | Slain by an orc warrior

Skill      XL: |  1  2  3  4  5  6  7  8 |
---------------+-------------------------+-----
Long Blades    | 3 4 5 6 7 |  7.4
Dodging        | 3 4 |  4.6
Stealth        | 1 |  1.4
Armour         | 1 2 3 4 |  4.8
Fighting       | 3 4 |  4.1
Throwing       | |  1.9

Action                   |  1- 3 |  4- 6 |  7- 9 || total
-------------------------+-------+-------+-------++-------
Melee: Long sword        |    93 |   218 |   149 ||   460
       Headbutt          |     5 |    46 |    31 ||    82
  Use: Scroll            |       |     6 |     4 ||    10
       Potion            |       |     3 |     9 ||    12
 Stab: Sleeping          |     5 |     1 |       ||     6
  Eat: Chunk             |     1 |     7 |     4 ||    12
       Meat ration       |       |       |     1 ||     1
Armor: Leather armour    |    29 |    33 |       ||    62
       Skin              |       |   124 |     7 ||   131
       Scale mail        |       |    38 |    61 ||    99
Dodge: Dodged            |    60 |   147 |    84 ||   291
       Rpst.: Long sword |    14 |    48 |    25 ||    87
